 Dungeon Sprint DCSS version 0.17-a0-1667-g4ca74a1 (webtiles) character file.

12561 Kidiri the Unseen (level 11, -23/47 HPs)
             Began as a Spriggan Enchanter on Aug 17, 2015.
             Was the Champion of Dithmenos.
             Hit by a javelin of returning thrown by a merfolk javelineer (29 damage)
             ... in the Dungeon (Sprint III: "The Ten Rune Challenge").
             The game lasted 00:16:26 (1663 turns).

Kidiri the Unseen (Spriggan Enchanter)              Turns: 1663, Time: 00:16:26

Health: -23/47     AC:  3    Str:  4    XL:     11   Next: 64%
Magic:  23/30      EV: 33    Int: 19    God:    Dithmenos [******]
Gold:   33         SH:  0    Dex: 18    Spells: 11 memorised, 8 levels left

rFire  . . .     SeeInvis +     a - +1 dagger
rCold  . . .     Clarity  .     b - +1 robe
rNeg   . . .     SustAt   .     (shield restricted)
rPois  .         Gourm    .     (helmet restricted)
rElec  .         Spirit   .     (no cloak)
rCorr  .         Warding  .     (gloves unavailable)
rMut   .         NoTele   +     (boots unavailable)
MR     +....                    (no amulet)
Stlth  ++++++++++               (no ring)
                                (no ring)

@: wreathed by umbra, very quick, somewhat resistant to hostile enchantments,
uncannily stealthy
A: unfitting armour, see invisible, herbivore 3, speed 3, slow metabolism 2
a: Shadow Step, Shadow Form, Renounce Religion


You were in the Dungeon.
You worshipped Dithmenos.
Dithmenos was exalted by your worship.
You were not hungry.

You visited 1 branch You collected 33 gold pieces.

Inventory:

Hand weapons
 a - a +1 dagger (weapon)
Armour
 b - a +1 robe (worn)
Magical devices
 l - a wand of digging (13)
 m - a wand of teleportation (7)
Scrolls
 j - a scroll of blinking
 n - a scroll of fear
 q - a scroll of holy word
 r - a scroll of remove curse
Potions
 c - a potion of might
 f - 2 potions of heal wounds
 g - a potion of haste
 h - 2 potions of magic
 i - 2 potions of berserk rage
 p - a potion of cure mutation
 s - 2 potions of flight
Comestibles
 d - a bread ration
 o - 26 royal jellies


   Skills:
 + Level 9.9 Short Blades
 * Level 16.9 Dodging
 * Level 18.1 Stealth
 * Level 14.4 Spellcasting
 + Level 6.7 Conjurations
 + Level 11.2 Hexes
 + Level 10.7 Charms
 + Level 5.0 Summonings
 + Level 7.4 Ice Magic
 - Level 4.8 Invocations


You had 8 spell levels left.
You knew the following spells:

 Your Spells              Type           Power        Failure   Level  Hunger
a - Corona                Hex            ######.      1%          1    None
b - Ensorcelled Hibernat  Hex/Ice        #####.       1%          2    None
c - Confuse               Hex            ######..     1%          3    None
d - Tukima's Dance        Hex            ######..     1%          3    None
e - Dazzling Spray        Conj/Hex       #####...     1%          3    None
f - Freeze                Ice            ####         1%          1    None
g - Throw Frost           Conj/Ice       #####.       1%          2    None
h - Ozocubu's Armour      Chrm/Ice       #####...     1%          3    None
i - Condensation Shield   Ice            #####.....   1%          4    None
j - Throw Icicle          Conj/Ice       #####...     2%          4    None
k - Summon Ice Beast      Ice/Summ       #####...     4%          4    None


Dungeon Overview and Level Annotations

Branches:
Dungeon (1/1)

Altars:
Cheibriados
Dithmenos
Elyvilon
Fedhas
Gozag
Kikubaaqudgha
Makhleb
Nemelex Xobeh
Okawaru
Qazlal
Ru
Sif Muna
Trog
Vehumet
Xom
Yredelemnul
Zin
The Shining One
Jiyva
Lugonu

Shops:
D (

Annotations:
D Ilsuiw


Innate Abilities, Weirdness & Mutations

You are tiny and cannot use many weapons and most armour.
You have supernaturally acute eyesight.
You are a herbivore.
You cover ground extremely quickly.
You need consume almost no food.


Message History

Press: ? - help, Shift-Dir - straight line, f/p - merfolk javelineer
Aim: a merfolk javelineer, wearing a leather armour (moderately wounded, umbra)
The spray of energy hits the merfolk javelineer.
The merfolk javelineer is moderately wounded.
The merfolk javelineer throws a javelin of returning.
The javelin of returning hits you!!
* * * LOW HITPOINT WARNING * * *
You emit a cloud of dark smoke.
The weapon returns to the merfolk javelineer!
You enter the shallow water.
Moving in this stuff is going to be slow.
There is an open door here.
You close the door.
You start resting.
Something unseen opens the door.
You start resting.
The merfolk javelineer throws a javelin of returning.
The javelin of returning hits you!!
Ouch! That really hurt!
You die...

♣♣≈≈≈........≈≈≈...##.#.
+♣♣%♣≈≈≈≈≈≈≈≈≈≈≈≈♣♣P.'.#.#
#.≈♣♣♣♣♣♣♣♣♣♣♣♣♣♣♣♣PP##.#.
#..♣♣ ♣♣♣ #+##
###'♣♣♣♣♣♣♣♣♣♣♣♣♣♣♣
♣♣♣♣.##..##≈≈≈≈≈≈..#
♣...##%##.#≈≈≈≈≈...#
♣♣.##%##%##'≈m≈≈≈####
♣..#.##..@#§§§§§...§
♣♣.##.##.)#§§§+#####
♣♣.##.#####§§§#
♣%....##%)§§§§#
########m###########
▓≈≈≈§§≈≈≈≈≈≈≈
▓≈E≈§§§§§≈≈≈≈
▓≈≈§§§§§≈≈≈..
▓≈≈§§§§§≈≈...


You could see a merfolk javelineer.

Vanquished Creatures
  Polyphemus (D)
  Maud (D)
  Josephine (D)
  A centaur warrior (D)
  2 hydras (D)
  An unseen horror (D)
  A death drake (D)
  A sea snake (D)
  A lindwurm (D)
  2 spiny frogs (D)
  A komodo dragon (D)
  A deep elf priest (D)
  A queen bee (D)
  3 wandering mushrooms (D)
  A shadow (D)
  3 redbacks (D)
  A spatial vortex (D)
  A necrophage (D)
  2 centaurs (D)
  An earth elemental (D)
  2 brain worms (D)
  A water elemental (D)
  32 killer bees (D)
  An electric eel (D)
  A jelly (D)
  A wizard (D)
  Jessica (D)
  A wolf (D)
  3 sheep (D)
  A kobold demonologist (D)
  3 humans (D)
  A necromancer (D)
  An ooze (D)
  2 rats (D)
78 creatures vanquished.

Vanquished Creatures (others)
  2 draconian scorchers (D)
  A dancing weapon (D)
  2 yaktaurs (D)
5 creatures vanquished.

Grand Total: 83 creatures vanquished

Notes
Turn   | Place    | Note
--------------------------------------------------------------
     0 | D        | Kidiri the Spriggan Enchanter began the quest for the Orb.
     0 | D        | Reached XP level 1. HP: 9/9 MP: 5/5
    15 | D        | Reached skill level 5 in Stealth
    29 | D        | Noticed Jessica
    33 | D        | Killed Jessica
    33 | D        | Reached skill level 5 in Dodging
    33 | D        | Reached skill level 6 in Stealth
    33 | D        | Reached XP level 2. HP: 13/13 MP: 6/8
    33 | D        | Reached XP level 3. HP: 16/16 MP: 6/9
    37 | D        | Learned a level 2 spell: Ensorcelled Hibernation
    41 | D        | Learned a level 3 spell: Confuse
    45 | D        | Learned a level 3 spell: Tukima's Dance
    87 | D        | Noticed a wolf
    90 | D        | Killed a wolf
    94 | D        | Reached skill level 7 in Stealth
    94 | D        | Reached skill level 5 in Spellcasting
    94 | D        | Reached skill level 1 in Ice Magic
    94 | D        | Reached XP level 4. HP: 21/21 MP: 10/12
   110 | D        | Gained mutation: Your flesh is cold resistant. [potion of mutation]
   110 | D        | Gained mutation: Your spells are a little easier to cast, but a little less powerful. [potion of mutation]
   110 | D        | Gained mutation: Potions and wands are less effective at restoring your health. [potion of mutation]
   111 | D        | Lost mutation: Your spells are a little easier to cast, but a little less powerful. [potion of cure mutation]
   111 | D        | Lost mutation: Potions and wands are less effective at restoring your health. [potion of cure mutation]
   111 | D        | Lost mutation: Your flesh is cold resistant. [potion of cure mutation]
   112 | D        | Gained mutation: Your body sometimes deteriorates upon taking damage. [potion of mutation]
   112 | D        | Gained mutation: Your spells are a little easier to cast, but a little less powerful. [potion of mutation]
   112 | D        | Gained mutation: You can spit weak poison. [potion of mutation]
   113 | D        | Lost mutation: Your body sometimes deteriorates upon taking damage. [potion of cure mutation]
   113 | D        | Lost mutation: Your spells are a little easier to cast, but a little less powerful. [potion of cure mutation]
   113 | D        | Lost mutation: You can spit weak poison. [potion of cure mutation]
   124 | D        | Learned a level 3 spell: Dazzling Spray
   124 | D        | Noticed a water elemental
   127 | D        | Killed a water elemental
   127 | D        | Reached skill level 8 in Stealth
   127 | D        | Reached skill level 1 in Conjurations
   127 | D        | Reached skill level 5 in Hexes
   136 | D        | Noticed a jelly
   137 | D        | Noticed a shadow
   139 | D        | Killed a shadow
   139 | D        | Reached skill level 9 in Dodging
   139 | D        | Reached skill level 10 in Stealth
   139 | D        | Reached XP level 5. HP: 24/24 MP: 14/16
   139 | D        | Reached XP level 6. HP: 28/28 MP: 14/17
   143 | D        | Killed a jelly
   148 | D        | Found a stormy altar of Qazlal.
   149 | D        | Found a sacrificial altar of Ru.
   149 | D        | Found a burning altar of Makhleb.
   149 | D        | Found a viscous altar of Jiyva.
   149 | D        | Found a shimmering altar of Xom.
   149 | D        | Found a shadowy altar of Dithmenos.
   149 | D        | Found a sparkling altar of Nemelex Xobeh.
   149 | D        | Found a corrupted altar of Lugonu.
   149 | D        | Found an opulent altar of Gozag.
   149 | D        | Noticed a spatial vortex
   153 | D        | Became a worshipper of Dithmenos the Shadowed
   154 | D        | Killed a spatial vortex
   154 | D        | Reached skill level 5 in Short Blades
   154 | D        | Reached skill level 11 in Stealth
   154 | D        | Reached skill level 1 in Invocations
   179 | D        | Found a radiant altar of Vehumet.
   180 | D        | Found a deep blue altar of Sif Muna.
   180 | D        | Found an ancient bone altar of Kikubaaqudgha.
   180 | D        | Noticed a wizard
   181 | D        | Killed a wizard
   181 | D        | Reached skill level 10 in Dodging
   183 | D        | Killed a yaktaur
   196 | D        | Learned a level 1 spell: Freeze
   199 | D        | Learned a level 2 spell: Throw Frost
   203 | D        | Learned a level 3 spell: Ozocubu's Armour
   208 | D        | Learned a level 4 spell: Condensation Shield
   218 | D        | Found a glowing silver altar of Zin.
   219 | D        | Found a glowing golden altar of the Shining One.
   219 | D        | Found a white marble altar of Elyvilon.
   219 | D        | Noticed a deep elf priest
   221 | D        | Killed a deep elf priest
   221 | D        | Reached XP level 7. HP: 32/32 MP: 18/20
   223 | D        | Killed a white draconian scorcher
   235 | D        | Found an iron altar of Okawaru.
   236 | D        | Found a bloodstained altar of Trog.
   236 | D        | Noticed a human
   236 | D        | Noticed a human
   238 | D        | Killed a human
   238 | D        | Reached skill level 12 in Stealth
   239 | D        | Killed a human
   254 | D        | Found a snail-covered altar of Cheibriados.
   254 | D        | Noticed a necrophage
   255 | D        | Found a basalt altar of Yredelemnul.
   255 | D        | Found a blossoming altar of Fedhas.
   255 | D        | Noticed a necromancer
   256 | D        | Killed a necrophage
   256 | D        | Acquired Dithmenos's first power
   256 | D        | Reached XP level 8. HP: 36/36 MP: 12/22
   257 | D        | Killed a necromancer
   267 | D        | Learned a level 4 spell: Throw Icicle
   271 | D        | Killed a white draconian scorcher
   329 | D        | Noticed Josephine
   333 | D        | Killed Josephine
   333 | D        | Reached skill level 13 in Stealth
   333 | D        | Reached skill level 10 in Spellcasting
   333 | D        | Reached skill level 5 in Charms
   340 | D        | Noticed an earth elemental
   343 | D        | Killed an earth elemental
   348 | D        | Noticed a centaur
   348 | D        | Noticed a centaur warrior
   348 | D        | Noticed a centaur
   355 | D        | Killed a centaur
   355 | D        | Reached XP level 9. HP: 39/39 MP: 17/24
   366 | D        | Killed a centaur
   366 | D        | Acquired Dithmenos's second power
   372 | D        | Killed a centaur warrior
   372 | D        | Reached skill level 14 in Stealth
   372 | D        | Reached skill level 5 in Ice Magic
   446 | D        | Learned a level 4 spell: Summon Ice Beast
   554 | D        | Noticed an unseen horror
   556 | D        | Killed an unseen horror
   566 | D        | Noticed a killer bee
   566 | D        | Noticed a killer bee
   566 | D        | Noticed a killer bee
   566 | D        | Noticed a killer bee
   566 | D        | Noticed a killer bee
   566 | D        | Noticed a killer bee
   566 | D        | Noticed a killer bee
   566 | D        | Noticed a killer bee
   566 | D        | Noticed a killer bee
   566 | D        | Noticed a killer bee
   566 | D        | Noticed a killer bee
   566 | D        | Noticed a killer bee
   566 | D        | Noticed a killer bee
   566 | D        | Noticed a killer bee
   566 | D        | Noticed a killer bee
   567 | D        | Noticed a killer bee
   567 | D        | Noticed a killer bee
   567 | D        | Noticed a killer bee
   567 | D        | Noticed a killer bee
   567 | D        | Noticed a killer bee
   567 | D        | Noticed a killer bee
   567 | D        | Noticed a queen bee
   567 | D        | Noticed a killer bee
   567 | D        | Noticed a killer bee
   567 | D        | Noticed a killer bee
   567 | D        | Noticed a killer bee
   567 | D        | Noticed a killer bee
   567 | D        | Noticed a killer bee
   567 | D        | Noticed a killer bee
   567 | D        | Noticed a killer bee
   567 | D        | Noticed a killer bee
   567 | D        | Noticed a killer bee
   567 | D        | Noticed a killer bee
   570 | D        | Killed a killer bee
   572 | D        | Killed a killer bee
   576 | D        | Killed a killer bee
   576 | D        | Acquired Dithmenos's third power
   580 | D        | Killed a killer bee
   582 | D        | Killed a killer bee
   585 | D        | Killed a killer bee
   587 | D        | Killed a killer bee
   589 | D        | Killed a killer bee
   589 | D        | Acquired Dithmenos's fourth power
   739 | D        | Killed a killer bee
   739 | D        | Reached skill level 1 in Summonings
   742 | D        | Killed a killer bee
   744 | D        | Killed a killer bee
   744 | D        | Reached skill level 5 in Conjurations
   746 | D        | Killed a killer bee
   746 | D        | Reached skill level 15 in Stealth
   748 | D        | Killed a killer bee
   752 | D        | Killed a killer bee
   754 | D        | Killed a killer bee
   754 | D        | Reached XP level 10. HP: 30/44 MP: 12/27
   756 | D        | Killed a killer bee
   758 | D        | Killed a killer bee
   760 | D        | Killed a killer bee
   762 | D        | Killed a killer bee
   764 | D        | Killed a killer bee
   766 | D        | Killed a killer bee
   908 | D        | Killed a killer bee
   911 | D        | Killed a killer bee
   913 | D        | Killed a killer bee
   915 | D        | Killed a killer bee
   917 | D        | Killed a killer bee
   920 | D        | Killed a killer bee
   925 | D        | Killed a killer bee
   927 | D        | Killed a killer bee
   929 | D        | Killed a killer bee
   933 | D        | Killed a killer bee
  1092 | D        | Killed a killer bee
  1126 | D        | Killed a queen bee
  1321 | D        | Noticed a wandering mushroom
  1322 | D        | Noticed a wandering mushroom
  1322 | D        | Noticed a wandering mushroom
  1325 | D        | Killed a wandering mushroom
  1327 | D        | Killed a wandering mushroom
  1328 | D        | Killed a wandering mushroom
  1369 | D        | Noticed a spiny frog
  1369 | D        | Noticed a komodo dragon
  1369 | D        | Noticed a spiny frog
  1374 | D        | Killed a komodo dragon
  1374 | D        | Reached skill level 15 in Dodging
  1376 | D        | Killed a spiny frog
  1376 | D        | Reached skill level 16 in Stealth
  1376 | D        | Reached skill level 10 in Hexes
  1379 | D        | Killed a spiny frog
  1416 | D        | Killed a yaktaur
  1442 | D        | Noticed a redback
  1444 | D        | Killed a redback
  1445 | D        | Noticed a brain worm
  1448 | D        | Killed a brain worm
  1451 | D        | Noticed a brain worm
  1454 | D        | Killed a brain worm
  1460 | D        | Noticed a lindwurm
  1462 | D        | Noticed a redback
  1463 | D        | Killed a lindwurm
  1465 | D        | Killed a redback
  1471 | D        | Noticed a redback
  1472 | D        | Killed a redback
  1473 | D        | Noticed Maud
  1476 | D        | Killed Maud
  1476 | D        | Reached skill level 17 in Stealth
  1476 | D        | Reached XP level 11. HP: 47/47 MP: 29/29
  1479 | D        | Noticed an electric eel
  1480 | D        | Noticed a seven-headed hydra
  1480 | D        | Noticed a four-headed hydra
  1481 | D        | Killed an electric eel
  1483 | D        | Killed a seven-headed hydra
  1484 | D        | Killed a four-headed hydra
  1484 | D        | Reached skill level 10 in Charms
  1491 | D        | Noticed a death drake
  1494 | D        | Killed a death drake
  1525 | D        | Noticed Polyphemus
  1526 | D        | Noticed Ilsuiw
  1527 | D        | Killed Polyphemus
  1527 | D        | Reached skill level 18 in Stealth
  1528 | D        | Found Umif's Antique Weapon Emporium.
  1528 | D        | Noticed a sea snake
  1536 | D        | Killed a sea snake
  1536 | D        | Reached skill level 5 in Summonings
  1646 | D        | Noticed a merfolk javelineer
  1663 | D        | Hit by a javelin of returning thrown by a merfolk javelineer

Vault maps used:
D:        dungeon_sprint_mu

Action                   |  1- 3 |  4- 6 |  7- 9 | 10-12 || total
-------------------------+-------+-------+-------+-------++-------
Melee: Dagger            |     9 |     7 |    53 |    68 ||   137
 Cast: Ozocubu's Armour  |       |       |     1 |       ||     1
       Condensation Shie |       |       |     1 |       ||     1
       Dazzling Spray    |       |       |     3 |     4 ||     7
       Ensorcelled Hiber |       |       |    18 |    30 ||    48
       Confuse           |       |       |     2 |       ||     2
       Throw Icicle      |       |       |     2 |       ||     2
       Tukima's Dance    |       |       |       |     4 ||     4
Invok: Shadow Step       |       |       |       |     5 ||     5
  Use: Potion            |       |     4 |     2 |       ||     6
       Scroll            |       |     4 |       |       ||     4
 Stab: Sleeping          |     5 |     7 |    19 |    39 ||    70
       Invisible         |       |       |     2 |       ||     2
       Confused          |       |       |     2 |       ||     2
